[Event "Early-Titled-Tuesday-Blitz-August-29-2023"]
[Site "Chess.com"]
[Date "2023.08.29"]
[Round "4"]
[White "seopie"]
[Black "Gauravthegm"]
[Result "1-0"]
[WhiteElo "2667"]
[BlackElo "2425"]
[TimeControl "180+1"]
[EndTime "8:34:14 PDT"]
[Termination "seopie won by resignation"]

1. d4 c5 2. d5 e5 3. e4 d6 4. Nc3 a6 5. a4 f5 6. exf5 Bxf5 7. Bd3 Bxd3 8. Qxd3 Nf6 9. Nf3 Be7 10. Ng5 Nxd5 11. Nxd5 Bxg5 12. Bxg5 Qxg5 13. Nc7+ Kd7 14. Nxa8 Qxg2 15. O-O-O Qc6 16. a5 1-0

[Event "Early-Titled-Tuesday-Blitz-August-29-2023"]
[Site "Chess.com"]
[Date "2023.08.29"]
[Round "4"]
[White "pedromartinez91"]
[Black "Alexei_Gubajdullin"]
[Result "0-1"]
[WhiteElo "2448"]
[BlackElo "2635"]
[TimeControl "180+1"]
[EndTime "8:34:23 PDT"]
[Termination "Alexei_Gubajdullin won by checkmate"]

1. e4 g6 2. d4 d6 3. Nf3 Bg7 4. c3 Nf6 5. Bd3 O-O 6. O-O Nc6 7. h3 e5 8. dxe5 Nxe5 9. Nxe5 dxe5 10. Bg5 h6 11. Be3 Nh5 12. Na3 Nf4 13. Bc4 Qf6 14.
Nb5 c6 15. Nc7 Rb8 16. Bxa7 Bxh3 17. gxh3 Nxh3+ 18. Kh2 Qh4 19. Kg2 Nf4+ 20. Kf3 Qh3# 0-1

[Event "Early-Titled-Tuesday-Blitz-August-29-2023"]
[Site "Chess.com"]
[Date "2023.08.29"]
[Round "4"]
[White "Mihaiionescu1"]
[Black "GianmarcoVaR"]
[Result "0-1"]
[WhiteElo "2513"]
[BlackElo "2747"]
[TimeControl "180+1"]
[EndTime "8:34:34 PDT"]
[Termination "GianmarcoVaR won by resignation"]

1. Nf3 g6 2. e4 Bg7 3. d4 d6 4. g3 Nf6 5. Nbd2 O-O 6. Bg2 c5 7. c4 Nc6 8. d5 Na5 9. O-O a6 10. Rb1 b5 11. b4 Nxc4 12. Nxc4 bxc4 13. bxc5 Nxe4 14. c6 Nc3 15. Qc2 Bf5 0-1

[Event "Early-Titled-Tuesday-Blitz-August-29-2023"]
[Site "Chess.com"]
[Date "2023.08.29"]
[Round "4"]
[White "RobertoJBM"]
[Black "thedjoker98"]
[Result "1-0"]
[WhiteElo "2821"]
[BlackElo "2568"]
[TimeControl "180+1"]
[EndTime "8:34:43 PDT"]
[Termination "RobertoJBM won by resignation"]

1. e4 e5 2. Nf3 Nc6 3. Bb5 g6 4.
O-O Bg7 5. c3 d6 6. d4 Bd7 7. d5 Nce7 8. Bxd7+ Qxd7 9. c4 h6 10.
Nc3 f5 11. Ne1 Nf6 12. f3 O-O 13. Be3 c6 14. Nd3 cxd5 15. cxd5 Rfc8 16. Qd2 Kh7 17. Rac1 fxe4 18. fxe4 Rxc3 19. Qxc3 Nxe4 20. Qc7 Qc6 21. dxc6 1-0

[Event "Early-Titled-Tuesday-Blitz-August-29-2023"]
[Site "Chess.com"]
[Date "2023.08.29"]
[Round "4"]
[White "alexrustemov"]
[Black "biostatistician"]
[Result "1/2-1/2"]
[WhiteElo "2849"]
[BlackElo "2582"]
[TimeControl "180+1"]
[EndTime "8:35:02 PDT"]
[Termination "Game drawn by repetition"]

1. d4 Nf6 2. c4 g6 3. Nf3 Bg7 4. g3 b6 5. Bg2 Bb7 6. O-O O-O 7. d5 Na6 8. Nc3 Nc5 9. Be3 e6 10.
Qd2 Nfe4 11. Nxe4 Nxe4 12. Qd3 Nc5 13. Qd2 Ne4 14. Qd3 Nc5 15. Qd2 Ne4 1/2-1/2

[Event "Early-Titled-Tuesday-Blitz-August-29-2023"]
[Site "Chess.com"]
[Date "2023.08.29"]
[Round "4"]
[White "VerdeNotte"]
[Black "FairChess_on_YouTube"]
[Result "1/2-1/2"]
[WhiteElo "2910"]
[BlackElo "3055"]
[TimeControl "180+1"]
[EndTime "8:35:04 PDT"]
[Termination "Game drawn by repetition"]

1. Nf3 b5 2. e4 Bb7 3. Bxb5 Bxe4 4. Nc3 Bxf3 5. Qxf3 c6 6. O-O Nf6 7. d4 e6 8. Bd3 d5 9. Qg3 Nbd7 10. b3 Bb4 11.
Na4 O-O 12. Bh6 Nh5 13. Qf3 Nhf6 14. Qg3 Nh5 15. Qf3 Nhf6 16. Qg3 1/2-1/2

[Event "Early-Titled-Tuesday-Blitz-August-29-2023"]
[Site "Chess.com"]
[Date "2023.08.29"]
[Round "4"]
[White "GMKrikor"]
[Black "BogdanDeac"]
[Result "1/2-1/2"]
[WhiteElo "2870"]
[BlackElo "3020"]
[TimeControl "180+1"]
[EndTime "8:35:04 PDT"]
[Termination "Game drawn by agreement"]

1. Nf3 d5 2. c4 e6 3. d4 Nf6 4. cxd5 exd5 5. Nc3 c5 6. g3 Nc6 7. Bg2 cxd4 8. Nxd4 Bc5 9. Nb3 Bb6 10. O-O d4 11.
Na4 O-O 12. Bg5 h6 13. Bxf6 Qxf6 14. Nxb6 axb6 15. Bxc6 bxc6 16. Qxd4 Rd8 17. Qxf6 gxf6 18. Rfd1 Rxd1+ 19. Rxd1 Be6 20. Nc1 Bxa2 21. Nxa2 Rxa2 22. Rd6 Rxb2 23. Rxc6 Kg7 24. e4 Rb4 25. Kg2 Rxe4 26. Rxb6 f5 1/2-1/2

[Event "Early-Titled-Tuesday-Blitz-August-29-2023"]
[Site "Chess.com"]
[Date "2023.08.29"]
[Round "4"]
[White "VSanduleac"]
[Black "Tomytoteph"]
[Result "0-1"]
[WhiteElo "2417"]
[BlackElo "2617"]
[TimeControl "180+1"]
[EndTime "8:35:06 PDT"]
[Termination "Tomytoteph won by resignation"]

1. e4 c5 2. Nf3 g6 3. c3 Bg7 4.
d4 cxd4 5. cxd4 d5 6. e5 Nc6 7.
Nc3 Bg4 8. Be2 Rc8 9. O-O Nh6 10. Bxh6 Bxh6 11. h3 Bxf3 12. Bxf3 e6 13. Be2 O-O 14. Bb5 Qb6 15. Bxc6 Rxc6 16. Rb1 Rc4 17. Ne2 Rfc8 18. Qd3 Rc2 19. a4 Rxb2 20. a5 Qb4 21. Rxb2 Qxb2 22. Rb1 Qc2 23. Qxc2 Rxc2 24. Ng3 Ra2 25. Rxb7 Ra1+ 26.
Kh2 Rxa5 27. Rb2 Bf4 28. h4 Ra4 0-1

[Event "Early-Titled-Tuesday-Blitz-August-29-2023"]
[Site "Chess.com"]
[Date "2023.08.29"]
[Round "4"]
[White "NovozhilovSemen"]
[Black "Khromkin"]
[Result "1-0"]
[WhiteElo "2507"]
[BlackElo "2327"]
[TimeControl "180+1"]
[EndTime "8:35:09 PDT"]
[Termination "NovozhilovSemen won by resignation"]

1. d4 d5 2. c4 dxc4 3. e3 e5 4. Bxc4 exd4 5. exd4 Bd6 6. Nf3 Nf6 7. O-O O-O 8. Nc3 Nc6 9. a3 a6 10. h3 h6 11. Be3 Bf5 12. Rc1 Qd7 13. b4 Bxh3 14.
gxh3 Qxh3 15. Re1 Ng4 16. Bf1 Bh2+ 17. Kh1 Qh5 18. Bg2 Rfe8 19. Qd2 Rad8 20. Nd1 Re6 21. Rc5 Bd6+ 22. Rxh5 Bc5 23. bxc5 1-0

[Event "Early-Titled-Tuesday-Blitz-August-29-2023"]
[Site "Chess.com"]
[Date "2023.08.29"]
[Round "4"]
[White "ChesscularGodofchess"]
[Black "Lady_Nika"]
[Result "0-1"]
[WhiteElo "2191"]
[BlackElo "2463"]
[TimeControl "180+1"]
[EndTime "8:35:33 PDT"]
[Termination "Lady_Nika won by resignation"]

1. d4 d5 2. Nf3 e6 3. e3 Nf6 4.
Nbd2 Be7 5. b3 O-O 6. Bb2 b6 7. Ne5 Bb7 8. Bd3 Nbd7 9. Qf3 Nxe5 10. dxe5 Nd7 11. Qh5 g6 12. Qg4 c5 13. h4 h5 14.
Qg3 Kh7 15. Qf3 c4 16. bxc4 dxc4 17. Qxb7 cxd3 18. cxd3 Nc5 19. Qf3 Nxd3+ 20. Ke2 Nxb2 21. e4 Qd4 0-1

[Event "Early-Titled-Tuesday-Blitz-August-29-2023"]
[Site "Chess.com"]
[Date "2023.08.29"]
[Round "4"]
[White "shimastream"]
[Black "IljaZaragatski"]
[Result "1-0"]
[WhiteElo "2897"]
[BlackElo "2633"]
[TimeControl "180+1"]
[EndTime "8:36:17 PDT"]
[Termination "shimastream won by resignation"]

1. e4 e6 2. d4 d5 3. Nc3 Nc6 4.
Nge2 Nf6 5. e5 Nd7 6. f4 b6 7. Be3 Ba6 8. f5 exf5 9. Nxd5 Ne7 10. Ndf4 Ng6 11. Qd2 Qe7 12. Nd5 Qd8 13. O-O-O c6 14. Ndc3 Qc7 15. Nf4 O-O-O 16. Bxa6+ 1-0

[Event "Early-Titled-Tuesday-Blitz-August-29-2023"]
[Site "Chess.com"]
[Date "2023.08.29"]
[Round "4"]
[White "averageFM"]
[Black "YellowJacek"]
[Result "1-0"]
[WhiteElo "2523"]
[BlackElo "2358"]
[TimeControl "180+1"]
[EndTime "8:36:20 PDT"]
[Termination "averageFM won by resignation"]

1. e4 c5 2. Nf3 d6 3. d4 cxd4 4. Nxd4 Nf6 5. Nc3 g6 6. Be3 Bg7 7. f3 O-O 8. Qd2 Nc6 9. O-O-O d5 10. Kb1 Nxd4 11. e5 Nf5 12. exf6 exf6 13. Bc5 Re8 14. Nxd5 Be6 15. Bb5 Bxd5 16. Bxe8 Bxa2+ 17. Kxa2 Qxe8 18. Qd7 Qe2 19. Qxb7 Rf8 20. Bxf8 Bxf8 21. Qe4 Qxg2 22. Qxf5 gxf5 23. Rhg1 Qg5 24. f4 Qg4 25. h3 Qg6 26. Rxg6+ fxg6 27. c4 g5 28. fxg5 fxg5 29. Rd5 1-0

[Event "Early-Titled-Tuesday-Blitz-August-29-2023"]
[Site "Chess.com"]
[Date "2023.08.29"]
[Round "4"]
[White "AniJak"]
[Black "wqws"]
[Result "0-1"]
[WhiteElo "2378"]
[BlackElo "2650"]
[TimeControl "180+1"]
[EndTime "8:36:24 PDT"]
[Termination "wqws won by checkmate"]

1. e4 c5 2. Nf3 d6 3. d4 cxd4 4. Nxd4 Nf6 5. Nc3 a6 6. h3 e5 7. Nb3 h5 8. Bg5 Be6 9. g3 Be7 10. Bg2 Nbd7 11. O-O h4 12. g4 Nh7 13. Bxe7 Qxe7 14. Qd2 Ng5 15. Rad1 Bxg4 16. hxg4 h3 17. Bh1 h2+ 18. Kg2 Ne6 19. Nd5 Qh4 20. Qd3 Nf4+ 21.
Nxf4 exf4 22. f3 Qg3# 0-1

[Event "Early-Titled-Tuesday-Blitz-August-29-2023"]
[Site "Chess.com"]
[Date "2023.08.29"]
[Round "4"]
[White "nihalsarin"]
[Black "kuli4ik"]
[Result "1-0"]
[WhiteElo "3145"]
[BlackElo "2905"]
[TimeControl "180+1"]
[EndTime "8:36:26 PDT"]
[Termination "nihalsarin won by resignation"]

1. Nf3 g6 2. d4 Bg7 3. Bf4 d6 4. e3 Nd7 5. h3 e5 6. Bh2 Nh6 7. c3 O-O 8. Nbd2 f5 9. Bc4+ Kh8 10. O-O g5 11. a4 g4 12. hxg4 Nxg4 13. a5 e4 14. Ne1 Nxh2 15. Kxh2 Nf6 16. Kg1 a6 17. g3 d5 18. Be2 Ng4 19. Ng2 c6 20. Nf4 Bh6 21. Kg2 Bxf4 22. exf4 Rg8 23. Rh1 Qd6 24. Nf1 Nf6 25. Rh4 Be6 26. Ne3 Rg6 27. Qh1 Rag8 28. Qh2 R8g7 29. Rh1 Kg8 30. Kf1 c5 31. Rh6 cxd4 32.
cxd4 Qb4 33. Rxg6 hxg6 34. Qh8+ Kf7 35. Qb8 Qxb2 36. Rh8 Rg8 37. Qc7+ Nd7 38. Rh7+ Rg7 39. Rxg7+ Kxg7 40. Qd6 Nf8 41. Qe5+ Kh7 42. Nxd5 Bxd5 43. Qxd5 b6 44. Qf7+ Kh6 45. Qxf8+ Kh7 46. Qf7+ 1-0

[Event "Early-Titled-Tuesday-Blitz-August-29-2023"]
[Site "Chess.com"]
[Date "2023.08.29"]
[Round "4"]
[White "Orest_Vovk"]
[Black "Mops_2004"]
[Result "1-0"]
[WhiteElo "2549"]
[BlackElo "2779"]
[TimeControl "180+1"]
[EndTime "8:36:40 PDT"]
[Termination "Orest_Vovk won by resignation"]

1. e4 c6 2. Nc3 d5 3. Qe2 d4 4. Nd1 e5 5. f4 exf4 6. Nf3 c5 7.
Nf2 Nc6 8. d3 Nge7 9. Bxf4 Ng6 10.
Bg5 Be7 11. Bxe7 Qxe7 12. g3 O-O 13. Bg2 Nce5 14. Nxe5 Nxe5 15. O-O Be6 16. Bh3 Rac8 17. Bxe6 Qxe6 18. b3 f6 19. Kg2 Rc7 20. h3 b5 21.
a4 c4 22. bxc4 bxc4 23. Ng4 cxd3 24. cxd3 Rfc8 25. Ra2 Nxg4 26. hxg4 Qxa2 27. Qxa2+ 1-0

[Event "Early-Titled-Tuesday-Blitz-August-29-2023"]
[Site "Chess.com"]
[Date "2023.08.29"]
[Round "4"]
[White "Yuruultei"]
[Black "vishwa_vijeta"]
[Result "0-1"]
[WhiteElo "2391"]
[BlackElo "2543"]
[TimeControl "180+1"]
[EndTime "8:36:40 PDT"]
[Termination "vishwa_vijeta won by resignation"]

1. d4 Nf6 2. c4 g6 3. Nf3 Bg7 4. Nc3 d5 5. cxd5 Nxd5 6. e4 Nxc3 7. bxc3 c5 8. h3 O-O 9. Be2 Nc6 10. Be3 Qa5 11.
Bd2 cxd4 12. cxd4 Qa3 13. d5 Bxa1 14. Qxa1 Nb4 15. O-O f6 16. Bc4 Bd7 17. Qb1 a5 18. Bb3 Rac8 19. Nd4 a4 20. Bd1 Rc4 21. Ne2 Qxa2 22.
Nc3 Qxb1 23. Nxb1 Rxe4 24. Nc3 Rc4 25. Nxa4 Nxd5 26. Bb3 Rxa4 27. Bxd5+ Kg7 28. Bxb7 Rb8 29. Bf3 e5 30. Rd1 Rd4 31. Be3 Rxd1+ 32. Bxd1 Rb1 33. Kh2 Rxd1 0-1

[Event "Early-Titled-Tuesday-Blitz-August-29-2023"]
[Site "Chess.com"]
[Date "2023.08.29"]
[Round "4"]
[White "whiteglovethief"]
[Black "KononenkoD"]
[Result "0-1"]
[WhiteElo "2420"]
[BlackElo "2654"]
[TimeControl "180+1"]
[EndTime "8:36:43 PDT"]
[Termination "KononenkoD won by checkmate"]

1. d4 Nf6 2. c4 c5 3. d5 b5 4.
cxb5 a6 5. bxa6 g6 6. Nc3 Bg7 7.
e4 O-O 8. e5 Ne8 9. h4 Bxa6 10.
Nf3 d6 11. h5 Bxf1 12. Kxf1 dxe5 13. hxg6 fxg6 14. Ng5 Nf6 15. Ne6 Qc8 16. Nxf8 Qxf8 17. Be3 Nbd7 18. Qd2 Ng4 19. f3 Rb8 20. Rb1 Ndf6 21.
Kg1 Nxe3 22. Qxe3 e4 23. Nxe4 Nxd5 24. Qxc5 Nf4 25. Qc4+ e6 26. g3 Rb4 27. Qc6 Bd4+ 28.
Kh2 Qh6# 0-1

[Event "Early-Titled-Tuesday-Blitz-August-29-2023"]
[Site "Chess.com"]
[Date "2023.08.29"]
[Round "4"]
[White "Mesa_1"]
[Black "Legendinunknown"]
[Result "1-0"]
[WhiteElo "2583"]
[BlackElo "2798"]
[TimeControl "180+1"]
[EndTime "8:36:51 PDT"]
[Termination "Mesa_1 won by resignation"]

1. d4 Nf6 2. Nf3 g6 3. Bf4 Bg7 4. e3 d6 5. Be2 O-O 6. O-O Nc6 7.
h3 Nd7 8. c4 e5 9. Bh2 Qe7 10. Nc3 Nf6 11. Nd5 Nxd5 12. cxd5 Nb4 13. dxe5 dxe5 14. a3 Na6 15. Rc1 Bf5 16. Bxa6 bxa6 17.
Qa4 Rab8 18. Qxa6 Rxb2 19. Rfd1 Be4 20. Ne1 Bh6 21. Qxa7 Qf6 22. Bg3 Rd8 23. Qxc7 Bg7 24. Rc6 Rxd5 25. Rxd5 Bxd5 26. Qc8+ 1-0

[Event "Early-Titled-Tuesday-Blitz-August-29-2023"]
[Site "Chess.com"]
[Date "2023.08.29"]
[Round "4"]
[White "dropstoneDP"]
[Black "ozates"]
[Result "1-0"]
[WhiteElo "2968"]
[BlackElo "2569"]
[TimeControl "180+1"]
[EndTime "8:37:01 PDT"]
[Termination "dropstoneDP won by resignation"]

1. e4 c5 2. Nf3 Nc6 3. Bb5 g6 4. O-O Bg7 5. c3 Nf6 6. Re1 O-O 7. h3 Qb6 8. a4 a6 9. Bf1 d5 10. e5 Nd7 11. d4 Qc7 12. h4 Rb8 13. h5 e6 14. h6 Bh8 15. Bf4 b5 16. axb5 axb5 17. g3 c4 18. Nbd2 Nb6 19. Nh2 Qe7 20. Ng4 Ra8 21.
Rxa8 Nxa8 22. Nf3 Nb6 23. Bg5 Qb7 24. Qd2 Nd7 25. Qf4 b4 26. Bf6 bxc3 27. bxc3 Qb2 28. Bxh8 Kxh8 29. Nf6 Ncb8 30. Ng5 Qxc3 31. Nfxh7 f5 32.
exf6 Qxe1 33. Nxf8 Nxf8 34. Qxb8 1-0

[Event "Early-Titled-Tuesday-Blitz-August-29-2023"]
[Site "Chess.com"]
[Date "2023.08.29"]
[Round "4"]
[White "CFalcons8"]
[Black "sofaceindisguise"]
[Result "1-0"]
[WhiteElo "2245"]
[BlackElo "2600"]
[TimeControl "180+1"]
[EndTime "8:37:03 PDT"]
[Termination "CFalcons8 won by resignation"]

1. e4 c5 2. Nf3 e6 3. d4 cxd4 4. Nxd4 Nc6 5. Nc3 Nf6 6. Nxc6 bxc6 7. e5 Nd5 8. Ne4 Qc7 9. f4 Qb6 10. c4 Ne3 11. Qd3 Nxf1 12. Rxf1 Bb7 13. Bd2 c5 14. Bc3 Be7 15. f5 exf5 16. Rxf5 Qg6 17. Nd6+ Bxd6 18. exd6 O-O 19. O-O-O Rfe8 20. Rxc5 Be4 21.
Qd2 Re6 22. Rg5 Qh6 23. Bxg7 Qh4 24. Bf6+ Bg6 25. Rxg6+ 1-0

[Event "Early-Titled-Tuesday-Blitz-August-29-2023"]
[Site "Chess.com"]
[Date "2023.08.29"]
[Round "4"]
[White "Elsa167"]
[Black "slidingknight2775"]
[Result "1-0"]
[WhiteElo "2872"]
[BlackElo "2579"]
[TimeControl "180+1"]
[EndTime "8:37:06 PDT"]
[Termination "Elsa167 won by checkmate"]

1. e4 c5 2. Nf3 d6 3. d4 cxd4 4.
Qxd4 Nc6 5. Bb5 Bd7 6. Bxc6 Bxc6 7. Nc3 e5 8. Qd3 h6 9. Nd2 Nf6 10. Nc4 Be7 11. Ne3 O-O 12. a4 Qa5 13. O-O Qa6 14. Nf5 Rfe8 15. Qg3 g6 16. Nxe7+ Rxe7 17. Qh4 Re6 18.
Bxh6 Qc4 19. Rae1 d5 20. Bg5 Nxe4 21. Nxe4 dxe4 22. Re3 Kf8 23. Qh8# 1-0

[Event "Early-Titled-Tuesday-Blitz-August-29-2023"]
[Site "Chess.com"]
[Date "2023.08.29"]
[Round "4"]
[White "Ajedrecista3000"]
[Black "MathiasWomacka"]
[Result "1-0"]
[WhiteElo "2695"]
[BlackElo "2466"]
[TimeControl "180+1"]
[EndTime "8:37:06 PDT"]
[Termination "Ajedrecista3000 won by resignation"]

1. c4 c5 2. Nf3 Nf6 3. g3 b6 4. Bg2 Bb7 5. O-O e6 6. Nc3 Be7 7. Re1 d5 8. cxd5 Nxd5 9. Nxd5 Bxd5 10. d4 cxd4 11. Nxd4 Bxg2 12. Kxg2 O-O 13. Bf4 Qd5+ 14. e4 Qb7 15. Rc1 Rd8 16. Rc7 Qa6 17. Rxe7 Nc6 18.
Nxc6 Rxd1 19. Rxd1 Qc4 20. Nd8 Qxe4+ 21. Kg1 g5 22. Bxg5 Qg4 23. Rdd7 Qxg5 24. Re8+ Kg7 25. Nxe6+ Kg6 26. Nxg5 Rxe8 27. Nf3 1-0

[Event "Early-Titled-Tuesday-Blitz-August-29-2023"]
[Site "Chess.com"]
[Date "2023.08.29"]
[Round "4"]
[White "ljuks68"]
[Black "Galileo22"]
[Result "0-1"]
[WhiteElo "2457"]
[BlackElo "2692"]
[TimeControl "180+1"]
[EndTime "8:37:07 PDT"]
[Termination "Galileo22 won by resignation"]

1. e4 g6 2. d4 Bg7 3. Nc3 d5 4.
Nxd5 c6 5. Ne3 Qxd4 6. Qxd4 Bxd4 7. c3 Bg7 8. a4 Nd7 9. a5 Nc5 10. f3 Nb3 11. Rb1 b5 12. axb6 axb6 13. Bc4 Nxc1 14.
Rxc1 Nf6 15. Ne2 Nd7 16. f4 Nc5 17. Ng3 b5 18. Be2 Ra2 19. b4 Nb3 20. Rb1 Bxc3+ 21.
Kf2 Nd4 22. Rhc1 Bd2 23. Rd1 h5 24. h4 f6 25. Ra1 Bxe3+ 0-1

[Event "Early-Titled-Tuesday-Blitz-August-29-2023"]
[Site "Chess.com"]
[Date "2023.08.29"]
[Round "4"]
[White "Zampronha1971"]
[Black "miraitrunks"]
[Result "0-1"]
[WhiteElo "2278"]
[BlackElo "1983"]
[TimeControl "180+1"]
[EndTime "8:37:08 PDT"]
[Termination "miraitrunks won by resignation"]

1. e4 c5 2. Nf3 d6 3. d4 cxd4 4. Nxd4 Nf6 5. Nc3 g6 6. Be3 Bg7 7. f3 O-O 8. Qd2 Nc6 9. Bc4 Bd7 10. O-O-O Rc8 11. Bb3 Ne5 12. h4 h5 13. Bg5 Nc4 14. Qe2 e5 15. Bxc4 exd4 16. Rxd4 Qb6 17. Rd2 Be6 18.
Bb3 Nd7 19. Na4 Qb4 20. a3 Qxb3 21. Kb1 Qxa4 0-1

[Event "Early-Titled-Tuesday-Blitz-August-29-2023"]
[Site "Chess.com"]
[Date "2023.08.29"]
[Round "4"]
[White "DeArron_Fox"]
[Black "TigranHH"]
[Result "1-0"]
[WhiteElo "2496"]
[BlackElo "2304"]
[TimeControl "180+1"]
[EndTime "8:37:10 PDT"]
[Termination "DeArron_Fox won by resignation"]

1. d4 Nf6 2. c4 e6 3. Nf3 d5 4. Nc3 c5 5. cxd5 Nxd5 6. e4 Nxc3 7. bxc3 cxd4 8. cxd4 Bb4+ 9. Bd2 Bxd2+ 10. Qxd2 O-O 11. Bc4 Nd7 12. O-O b6 13. Rfe1 Bb7 14. Rad1 Re8 15. d5 exd5 16. exd5 Rxe1+ 17. Rxe1 Qf6 18. d6 Bxf3 19. gxf3 Ne5 20. Qd5 Nxf3+ 21. Kh1 Nxe1 22. Qxa8+ 1-0

[Event "Early-Titled-Tuesday-Blitz-August-29-2023"]
[Site "Chess.com"]
[Date "2023.08.29"]
[Round "4"]
[White "Russian_berezka"]
[Black "Reader777"]
[Result "0-1"]
[WhiteElo "2578"]
[BlackElo "2878"]
[TimeControl "180+1"]
[EndTime "8:37:13 PDT"]
[Termination "Reader777 won on time"]

1. d4 Nf6 2. c4 e6 3. Nc3 Bb4 4. e3 O-O 5. Bd2 c5 6. a3 Bxc3 7. Bxc3 Ne4 8. Ne2 b6 9. d5 Ba6 10.
Qd3 exd5 11. Qxd5 Qe7 12. b3 Nc6 13. Bb2 Rfe8 14. Ng3 Bb7 15. Nf5 Qg5 0-1

[Event "Early-Titled-Tuesday-Blitz-August-29-2023"]
[Site "Chess.com"]
[Date "2023.08.29"]
[Round "4"]
[White "Caisachess"]
[Black "Jackleterrible"]
[Result "1-0"]
[WhiteElo "2329"]
[BlackElo "2485"]
[TimeControl "180+1"]
[EndTime "8:37:14 PDT"]
[Termination "Caisachess won by resignation"]

1. e4 c5 2. c3 Nf6 3. e5 Nd5 4. Nf3 Nc6 5. d4 cxd4 6. cxd4 d6 7. Bc4 Nb6 8. Bb3 dxe5 9. d5 Na5 10. Nc3 Nxb3 11.
Qxb3 f6 12. O-O g6 13. Be3 Bg7 14. a4 O-O 15. a5 Nd7 16. Rfd1 Kh8 17. Qb4 f5 18. Ng5 Nf6 19. Bc5 Ng8 20. d6 exd6 21. Bxd6 Qxg5 22. Bxf8 Bf6 23. Nd5 Bd8 24. Bd6 f4 25.
Qe4 1-0

[Event "Early-Titled-Tuesday-Blitz-August-29-2023"]
[Site "Chess.com"]
[Date "2023.08.29"]
[Round "4"]
[White "rezamahdavi2008"]
[Black "Bilan_Danila"]
[Result "1-0"]
[WhiteElo "2753"]
[BlackElo "2522"]
[TimeControl "180+1"]
[EndTime "8:37:17 PDT"]
[Termination "rezamahdavi2008 won by resignation"]

1. d4 d5 2. Nf3 Nf6 3. g3 Bf5 4. Bg2 e6 5. O-O h6 6. c4 c6 7. b3 Nbd7 8. Bb2 Ne4 9. Nc3 Bb4 10. Qc1 O-O 11. a3 Bxc3 12. Bxc3 Nxc3 13. Qxc3 a5 14. Nd2 Nf6 15. Rfe1 Qc7 16. e4 dxe4 17. Nxe4 Nxe4 18. Bxe4 Bxe4 19. Rxe4 b6 20. Rae1 Rad8 21. h4 Rd7 22. Rg4 h5 23. Rg5 g6 24. Qf3 Kh7 25. Rxe6 fxe6 26.
Qxf8 Rxd4 27. Qf6 Qg7 28. Qxe6 Rd3 29. Qe4 Rd1+ 30. Kg2 Rd6 31. Rxh5+ Kg8 32. Qe8+ Qf8 33. Rh8+ 1-0

[Event "Early-Titled-Tuesday-Blitz-August-29-2023"]
[Site "Chess.com"]
[Date "2023.08.29"]
[Round "4"]
[White "ljm509"]
[Black "SaqoChess_Twitch"]
[Result "0-1"]
[WhiteElo "2243"]
[BlackElo "2619"]
[TimeControl "180+1"]
[EndTime "8:37:22 PDT"]
[Termination "SaqoChess_Twitch won by resignation"]

1. e4 c5 2. Nf3 d6 3. Bb5+ Bd7 4. Bxd7+ Qxd7 5. O-O Nc6 6. c3 Nf6 7. Re1 e6 8. d4 cxd4 9. cxd4 d5 10. e5 Ne4 11. a3 Be7 12. Qd3 O-O 13. Nbd2 Nxd2 14. Bxd2 Rfc8 15. h4 b5 16. Rac1 b4 17. a4 Na5 18. b3 Rxc1 19. Rxc1 Rc8 20. Rxc8+ Qxc8 21. Qb5 Nxb3 22. Bxb4 a6 23. Qb6 Bxb4 24. Qxb4 Nc1 25. Kh2 h6 26. Qc5 Qxc5 27. dxc5 Kf8 28. Nd4 Ke7 29. c6 Nd3 30. f4 Nxf4 31. g4 Ng6 32. a5 Nxe5 33. Kg3 g5 34. hxg5 hxg5 35. Kf2 Kd6 36.
Ke3 Nxc6 37. Nb3 f6 38. Kd3 Ne5+ 39. Kc3 Nxg4 40. Kb4 Ne5 41. Nc5 Nc6+ 42. Ka4 Kxc5 0-1

[Event "Early-Titled-Tuesday-Blitz-August-29-2023"]
[Site "Chess.com"]
[Date "2023.08.29"]
[Round "4"]
[White "isaak2009"]
[Black "LiamPutnam2008"]
[Result "0-1"]
[WhiteElo "2549"]
[BlackElo "2804"]
[TimeControl "180+1"]
[EndTime "8:37:24 PDT"]
[Termination "LiamPutnam2008 won on time"]

1. d4 Nf6 2. c4 e6 3. Nc3 Bb4 4. e3 O-O 5. Bd3 d5 6. cxd5 exd5 7. a3 Bd6 8. Qc2 Re8 9. Nge2 c6 10. Bd2 Nbd7 11. f3 b5 12. e4 dxe4 13. fxe4 h6 14.
O-O-O b4 15. axb4 Bxb4 16. e5 Nd5 17. Nxd5 Bxd2+ 18. Qxd2 cxd5 19. Nc3 Nb6 20. Rdf1 Be6 21. Bc2 Nc4 22. Qd3 Qg5+ 23. Kb1 Nd2+ 24. Ka1 Nxf1 25.
Qh7+ Kf8 26. Rxf1 Rab8 27. Qg6 Qxg6 28. Bxg6 Rb4 29. Rf4 Reb8 0-1

[Event "Early-Titled-Tuesday-Blitz-August-29-2023"]
[Site "Chess.com"]
[Date "2023.08.29"]
[Round "4"]
[White "Xavier_mompel"]
[Black "Hoshka"]
[Result "1-0"]
[WhiteElo "2304"]
[BlackElo "1995"]
[TimeControl "180+1"]
[EndTime "8:37:25 PDT"]
[Termination "Xavier_mompel won by resignation"]

1. e4 e5 2. Nf3 Nc6 3. Bb5 a6 4. Ba4 Nf6 5. O-O Be7 6. Re1 b5 7. Bb3 d6 8. a4 Bg4 9. c3 O-O 10. d3 b4 11. Bd2 a5 12. h3 Be6 13. Bxe6 fxe6 14. Qb3 Qd7 15. d4 exd4 16. cxd4 d5 17.
exd5 exd5 18. Bg5 h6 19. Bh4 g5 20. Bg3 Nh5 21. Ne5 Nxd4 22. Qd3 Nf5 23. Nxd7 1-0

[Event "Early-Titled-Tuesday-Blitz-August-29-2023"]
[Site "Chess.com"]
[Date "2023.08.29"]
[Round "4"]
[White "druskacik"]
[Black "joppie2"]
[Result "0-1"]
[WhiteElo "2684"]
[BlackElo "2942"]
[TimeControl "180+1"]
[EndTime "8:37:26 PDT"]
[Termination "joppie2 won by resignation"]

1. e4 c5 2. Nf3 d6 3. d4 cxd4 4. Qxd4 Nf6 5. Bg5 Nc6 6. Qe3 Ng4 7. Qd2 h6 8. Bh4 g5 9. Bg3 Bg7 10. Nc3 Qa5 11. Bd3 Be6 12. O-O Bxc3 13. bxc3 Nce5 14. Nd4 Bd7 15. Rab1 b6 16. f4 gxf4 17. Qxf4 f6 18. Nf5 Bxf5 19. Qxf5 h5 20. Bb5+ Kd8 21. Bxe5 Nxe5 22.
a4 a6 23. Bd3 h4 24. Qe6 h3 25. Rb4 Qc5+ 26. Rd4 hxg2 27. Rxf6 exf6 28. Qxf6+ Kc7 29. Qg7+ Kc6 30. Qg3 Rag8 0-1

[Event "Early-Titled-Tuesday-Blitz-August-29-2023"]
[Site "Chess.com"]
[Date "2023.08.29"]
[Round "4"]
[White "GM4life"]
[Black "Vuk2000"]
[Result "0-1"]
[WhiteElo "2513"]
[BlackElo "2743"]
[TimeControl "180+1"]
[EndTime "8:37:28 PDT"]
[Termination "Vuk2000 won by resignation"]

1. d4 Nf6 2. c4 e6 3. Nf3 b6 4. e3 Bb7 5. Bd3 d5 6. O-O Bd6 7. Nc3 O-O 8. Qe2 dxc4 9. Bxc4 Nbd7 10. b3 a6 11. a4 Qe7 12. Bb2 e5 13. dxe5 Nxe5 14.
Nxe5 Qxe5 15. f4 Qe7 16. Rae1 Rfe8 17. Bd3 Ba3 18. Ba1 Bc5 19. Kh1 Bxe3 20. Qc2 Qc5 21. Re2 Qh5 22. Nd1 Ng4 23. Bxh7+ Kh8 0-1